 Dungeon Crawl Stone Soup version 0.21-a0-630-g344d351 (webtiles) character file.

8722 tsouns the Thaumaturge (level 11, -1/85 HPs)
             Began as a Gnoll Warper on Dec 25, 2017.
             Was a Priest of Okawaru.
             Slain by a wolf spider zombie (14 damage)
             ... on level 10 of the Dungeon.
             The game lasted 00:32:07 (9727 turns).

tsouns the Thaumaturge (Gnoll Warper)               Turns: 9727, Time: 00:32:08

Health: -1/85      AC: 12    Str: 13    XL:     11   Next: 35%
Magic:  23/23      EV: 16    Int: 19    God:    Okawaru [***...]
Gold:   479        SH: 10    Dex: 19    Spells: 9/26 levels left

rFire    + . .     SeeInvis .   a - +0 falchion
rCold    . . .     Gourm    .   G - +0 shield
rNeg     . . .     Faith    .   N - +2 leather armour {rF+}
rPois    .         Spirit   .   h - +2 helmet
rElec    .         Reflect  .   x - +2 cloak
rCorr    .         Harm     .   (no gloves)
MR       .....                  (no boots)
Stlth    +++.......             (no amulet)
HPRegen  0.24/turn              C - +4 ring of dexterity
MPRegen  0.18/turn              (no ring)

@: no status effects
A: distributed training, fangs 1, strong nose
a: Heroism, Renounce Religion


You were on level 10 of the Dungeon.
You worshipped Okawaru.
Okawaru was most pleased with you.
You were not hungry.

You visited 2 branches of the dungeon, and saw 11 of its levels.

You collected 616 gold pieces.
You spent 137 gold pieces at shops.

Inventory:

Hand Weapons
 a - a +0 falchion (weapon)
 p - a +3 dagger of venom
 I - a +2 spear of venom
 Q - a +0 scimitar
Missiles
 e - 5 tomahawks of dispersal (quivered)
 t - 7 curare-tipped needles
 B - 8 needles of confusion
 F - 9 tomahawks
 H - a throwing net
 L - 2 silver tomahawks
Armour
 h - a +2 helmet (worn)
 x - a +2 cloak (worn)
 G - a +0 shield (worn)
 N - a +2 leather armour of fire resistance (worn)
Jewellery
 C - a +4 ring of dexterity (left hand)
Wands
 k - a wand of iceblast (3)
 v - a wand of enslavement (6)
 z - a wand of disintegration (16)
 D - a wand of paralysis (2)
 M - a wand of acid (6)
 P - a wand of flame (38)
Scrolls
 d - 5 scrolls of blinking
 j - 3 scrolls of enchant weapon
 q - a scroll of enchant armour
 s - 3 scrolls of amnesia
 y - 3 scrolls of remove curse
 K - a scroll of magic mapping
Potions
 b - 2 potions of might
 g - a potion of resistance
 i - a potion of brilliance
 l - 4 potions of haste
 m - 3 potions of lignification
 n - 2 potions of heal wounds
 o - 3 potions of flight
 r - 3 potions of mutation
 u - a potion of curing
 A - a potion of invisibility
 E - a potion of magic
 J - a potion of cancellation {unknown}
Books
 c - a book of Spatial Translocations

   Spells                             Type                      Level
   a - Blink                          Translocation                2
   b - Shroud of Golubria             Charms/Translocation         2
   c - Lesser Beckoning               Translocation                3
   d - Gell's Gravitas                Translocation                3
   e - Teleport Other                 Translocation                3
   f - Passage of Golubria            Translocation                4
 O - a book of Fire

   Spells                             Type                      Level
   a - Ignite Poison                  Fire/Transmutation/Poison    3
   b - Fireball                       Conjuration/Fire             5
   c - Bolt of Fire                   Conjuration/Fire             6
   d - Ring of Flames                 Charms/Fire                  7
   e - Ignition                       Fire                         8
Comestibles
 f - 24 rations


   Skills:
 + Level 7.7 Fighting
 + Level 6.1 Short Blades
 + Level 7.7 Long Blades
 + Level 6.1 Axes
 + Level 6.1 Maces & Flails
 + Level 6.1 Polearms
 + Level 6.1 Staves
 + Level 6.1 Slings
 + Level 6.1 Bows
 + Level 6.1 Crossbows
 + Level 6.7 Throwing
 + Level 6.7 Armour
 + Level 7.7 Dodging
 + Level 6.1 Stealth
 + Level 6.1 Shields
 + Level 6.1 Unarmed Combat
 + Level 8.0 Spellcasting
 + Level 5.0 Conjurations
 + Level 5.0 Hexes
 + Level 5.0 Charms
 + Level 5.0 Summonings
 + Level 5.0 Necromancy
 + Level 7.5 Translocations
 + Level 5.0 Transmutations
 + Level 5.0 Fire Magic
 + Level 5.0 Ice Magic
 + Level 5.0 Air Magic
 + Level 5.0 Earth Magic
 + Level 5.0 Poison Magic
 + Level 6.7 Invocations
 + Level 6.1 Evocations


You had 9 spell levels left.
You knew the following spells:

 Your Spells              Type           Power        Failure   Level  Hunger
a - Blink                 Tloc           N/A          2%          2    None
b - Shroud of Golubria    Chrm/Tloc      ####......   4%          2    None
c - Teleport Other        Tloc           #####...     4%          3    None
d - Passage of Golubria   Tloc           N/A          16%         4    ###....
e - Gell's Gravitas       Tloc           #####.....   4%          3    None
f - Lesser Beckoning      Tloc           #####.....   4%          3    None


Dungeon Overview and Level Annotations

Branches:
Dungeon (10/15)            Temple (1/1) D:6             Orc (0/2) D:9
   Lair: D:8-11

Altars:
Ashenzari
Cheibriados
Dithmenos
Elyvilon
Fedhas
Gozag
Hepliaklqana
Kikubaaqudgha
Makhleb
Nemelex Xobeh
Okawaru
Qazlal
Ru
Sif Muna
Trog
Uskayaw
Vehumet
Wu Jian
Xom
Yredelemnul
Zin
The Shining One

Shops:
D:6 *

Annotations:
D:4 ZomBoFoB's ghost, novice OgGl
D:9 exclusion: oklob plant


Innate Abilities, Weirdness & Mutations

Your experience applies equally to all skills.
You have very sharp teeth.
Your uncanny sense of smell can sniff out nearby items.


Message History

The wolf spider zombie hits you!
The wolf spider zombie completely misses you.
Your shield prevents you from hitting the wolf spider zombie.
The wolf spider zombie is severely damaged.
The wolf spider zombie misses you.
The wolf spider zombie barely misses you.
You hit the wolf spider zombie.
The wolf spider zombie is severely damaged.
The wolf spider zombie closely misses you.
The wolf spider zombie bites you but does no damage.
Wield which item (- for none, * to show all)? (? for menu, Esc to quit)
Your +3 dagger of venom stops dripping with poison.
a - a +0 falchion (weapon)
The wolf spider zombie hits you!
* * * LOW HITPOINT WARNING * * *
You block the wolf spider zombie's attack.
You hit the wolf spider zombie but do no damage.
The wolf spider zombie is severely damaged.
The wolf spider zombie hits you!
You die...

###########################
...................)))..(..
...................).#####.
.....................# #.
.....................# #.
.....................# #.
.........Z@..........# #.
∆........)............# #.
.....................#####.
...........................
########################.......##
................# #.#####.#
................# #.# #.#
....>...........# #.# #.#
......<.........# #.#####.#


You could see a wolf spider zombie.

Vanquished Creatures
  Gastronok (D:8)
  A two-headed ogre (D:10)
  The ghost of Dirtsage the Carver, a novice DsFi of Qazlal (D:8)
  Pikel (D:6)
  A wolf spider zombie (D:10)
  A hellwing (D:10)
  A troll (D:10)
  A hippogriff (D:8)
  A warg (D:9)
  2 ice beasts
  2 sky beasts
  A slave (D:6)
  6 orc warriors
  A necrophage (D:8)
  3 ogres
  A centaur (D:7)
  A phantom (D:10)
  8 bullfrogs
  3 scorpions
  2 water moccasin skeletons
  5 killer bees (D:9)
  3 howler monkeys
  3 centaur zombies
  5 crimson imps
  3 jellies
  Crazy Yiuf (D:4)
  4 orc priests
  4 bullfrog skeletons
  2 hounds
  3 iguanas
  4 worker ants
  6 orc wizards
  A hound zombie (D:8)
  A hound skeleton (D:7)
  3 gnolls (D:7)
  9 adders
  3 shadow imps
  2 adder skeletons
  2 worms
  6 leopard geckos
  24 orcs
  A ball python (D:2)
  4 bats
  7 giant cockroaches
  9 hobgoblins
  13 jackals
  12 kobolds
  5 quokkas
  6 frilled lizards
  10 goblins
  8 rats
  A fungus (D:4)
209 creatures vanquished.

Vanquished Creatures (collateral kills)
  4 orcs (D:10)
4 creatures vanquished.

Vanquished Creatures (others)
  A centaur zombie (D:10)
  A worker ant (D:6)
  A withered plant (D:10)
3 creatures vanquished.

Grand Total: 216 creatures vanquished

Notes
Turn   | Place    | Note
-------+----------+-------------------------------------------
     0 | D:1      | tsouns the Gnoll Warper began the quest for the Orb.
     0 | D:1      | Reached XP level 1. HP: 20/20 MP: 6/6
   104 | D:1      | Reached XP level 2. HP: 22/26 MP: 7/7
   380 | D:1      | Learned a level 2 spell: Blink
   383 | D:1      | Learned a level 2 spell: Shroud of Golubria
   697 | D:2      | Reached XP level 3. HP: 20/31 MP: 9/9
   710 | D:2      | Reached skill level 5 in Spellcasting
   832 | D:2      | Reached skill level 1 in Invocations
   995 | D:2      | Reached skill level 1 in Short Blades
   995 | D:2      | Reached skill level 1 in Axes
   995 | D:2      | Reached skill level 1 in Maces & Flails
   995 | D:2      | Reached skill level 1 in Polearms
   995 | D:2      | Reached skill level 1 in Staves
   995 | D:2      | Reached skill level 1 in Slings
   995 | D:2      | Reached skill level 1 in Bows
   995 | D:2      | Reached skill level 1 in Crossbows
   995 | D:2      | Reached skill level 1 in Stealth
   995 | D:2      | Reached skill level 1 in Shields
   995 | D:2      | Reached skill level 1 in Unarmed Combat
   995 | D:2      | Reached skill level 1 in Evocations
  1118 | D:2      | Reached XP level 4. HP: 35/38 MP: 11/11
  1454 | D:3      | Found a basalt altar of Yredelemnul.
  1623 | D:3      | Reached skill level 1 in Conjurations
  1623 | D:3      | Reached skill level 1 in Hexes
  1623 | D:3      | Reached skill level 1 in Charms
  1623 | D:3      | Reached skill level 1 in Summonings
  1623 | D:3      | Reached skill level 1 in Necromancy
  1623 | D:3      | Reached skill level 1 in Transmutations
  1623 | D:3      | Reached skill level 1 in Fire Magic
  1623 | D:3      | Reached skill level 1 in Ice Magic
  1623 | D:3      | Reached skill level 1 in Air Magic
  1623 | D:3      | Reached skill level 1 in Earth Magic
  1623 | D:3      | Reached skill level 1 in Poison Magic
  1623 | D:3      | Reached XP level 5. HP: 39/43 MP: 12/12
  1820 | D:3      | Found a shadowy altar of Dithmenos.
  2155 | D:3      | Reached XP level 6. HP: 32/50 MP: 13/13
  2360 | D:4      | Noticed ZomBoFoB's ghost (novice OgGl)
  2449 | D:4      | Reached skill level 5 in Fighting
  2449 | D:4      | Reached skill level 5 in Long Blades
  2449 | D:4      | Reached skill level 5 in Dodging
  2669 | D:5      | Entered Level 5 of the Dungeon
  2747 | D:5      | Reached XP level 7. HP: 48/56 MP: 15/15
  3056 | D:4      | Learned a level 3 spell: Teleport Other
  3061 | D:4      | Learned a level 4 spell: Passage of Golubria
  3065 | D:4      | Learned a level 3 spell: Gell's Gravitas
  3363 | D:5      | Found a hazy altar of Hepliaklqana.
  3587 | D:5      | Found a shattered altar of Ashenzari.
  3846 | D:4      | Found a runed door.
  3850 | D:4      | Noticed Crazy Yiuf
  3854 | D:4      | Killed Crazy Yiuf
  3980 | D:6      | Noticed Pikel
  4001 | D:6      | Killed Pikel
  4001 | D:6      | Reached skill level 6 in Spellcasting
  4001 | D:6      | Reached XP level 8. HP: 37/64 MP: 15/17
  4106 | D:6      | Found a shadowy altar of Dithmenos.
  4421 | D:6      | Found a staircase to the Ecumenical Temple.
  4429 | Temple   | Entered the Ecumenical Temple
  4618 | D:6      | Found Eguewask's Assorted Antiques.
  4621 | D:6      | Bought a long bronze wand for 112 gold pieces
  4621 | D:6      | Bought an orange potion for 25 gold pieces
  4645 | D:6      | Reached XP level 9. HP: 59/69 MP: 18/18
  4678 | D:6      | Learned a level 3 spell: Lesser Beckoning
  4751 | D:6      | Found a glowing golden altar of the Shining One.
  4853 | D:7      | Found a glowing silver altar of Zin.
  4853 | D:7      | Noticed an angel
  5402 | D:7      | Reached skill level 5 in Throwing
  5402 | D:7      | Reached skill level 5 in Armour
  5574 | D:7      | Found an ancient bone altar of Kikubaaqudgha.
  5575 | D:7      | Found a snail-covered altar of Cheibriados.
  5878 | D:7      | Found a shadowy altar of Dithmenos.
  5883 | D:7      | Found an iron altar of Okawaru.
  5889 | D:7      | Became a worshipper of Warmaster Okawaru
  5954 | D:8      | Noticed Dirtsage's ghost (novice DsFi)
  6020 | D:8      | Killed Dirtsage's ghost
  6020 | D:8      | Reached skill level 5 in Invocations
  6156 | D:8      | Reached * piety under Okawaru
  6156 | D:8      | Reached XP level 10. HP: 63/77 MP: 20/20
  6167 | D:8      | Noticed Gastronok
  6226 | D:8      | Killed Gastronok
  6226 | D:8      | Reached ** piety under Okawaru
  6226 | D:8      | Reached skill level 5 in Short Blades
  6226 | D:8      | Reached skill level 5 in Axes
  6226 | D:8      | Reached skill level 5 in Maces & Flails
  6226 | D:8      | Reached skill level 5 in Polearms
  6226 | D:8      | Reached skill level 5 in Staves
  6226 | D:8      | Reached skill level 5 in Slings
  6226 | D:8      | Reached skill level 5 in Bows
  6226 | D:8      | Reached skill level 5 in Crossbows
  6226 | D:8      | Reached skill level 5 in Stealth
  6226 | D:8      | Reached skill level 5 in Shields
  6226 | D:8      | Reached skill level 5 in Unarmed Combat
  6226 | D:8      | Reached skill level 7 in Spellcasting
  6226 | D:8      | Reached skill level 5 in Evocations
  7178 | D:9      | Reached *** piety under Okawaru
  7392 | D:9      | Found a staircase to the Orcish Mines.
  7721 | D:9      | Found a deep blue altar of Sif Muna.
  7987 | D:9      | Found a blossoming altar of Fedhas.
  7997 | D:9      | Noticed an oklob plant
  8310 | D:10     | Entered Level 10 of the Dungeon
  8587 | D:10     | Found a stormy altar of Qazlal.
  8667 | D:10     | Noticed a two-headed ogre
  8718 | D:10     | Reached XP level 11. HP: 70/84 MP: 22/22
  8781 | D:10     | Killed a two-headed ogre
  9456 | D:10     | Received a gift from Okawaru
  9456 | D:10     | Reached skill level 5 in Conjurations
  9456 | D:10     | Reached skill level 5 in Hexes
  9456 | D:10     | Reached skill level 5 in Charms
  9456 | D:10     | Reached skill level 5 in Summonings
  9456 | D:10     | Reached skill level 5 in Necromancy
  9456 | D:10     | Reached skill level 5 in Transmutations
  9456 | D:10     | Reached skill level 5 in Fire Magic
  9456 | D:10     | Reached skill level 5 in Ice Magic
  9456 | D:10     | Reached skill level 5 in Air Magic
  9456 | D:10     | Reached skill level 5 in Earth Magic
  9456 | D:10     | Reached skill level 5 in Poison Magic
  9678 | D:10     | Reached skill level 8 in Spellcasting
  9727 | D:10     | Slain by a wolf spider zombie

Vault maps used:
D:1:      minmay_arrival_stair_chambers
D:3:      yredelemnul_altar_generic, nicolae_dithmenos_through_a_glass_darkly
D:4:      minmay_misc_feat_iff, uniq_crazy_yiuf_cottage
D:5:      overflow_temple_1_default, lemuel_coloured_pillars_altar, first_ration
D:6:      minmay_temple_entry_glass, serial_shops, nicolae_shop_behind_doors,
          basic_altar, nicolae_tso_swordbearing_angel, uniq_pikel
D:7:      zin_angel, gammafunk_temple_overflow_pools, kennysheep_little_box,
          basic_altar, grunt_ministairs_9, grunt_ogre_cave,
          hangedman_abyss_or_decor_passed
D:8:      uniq_gastronok
D:9:      kennysheep_orc_sif_temple, tgw_fedhas, david_orc_1_choice
D:10:     cheibrodos_grave_circle, nicolae_qazlal_style_of_elements
Temple:   dshaligram_water_room_temple

Skill      XL: |  1  2  3  4  5  6  7  8  9 10 11 |
---------------+----------------------------------+-----
Spellcasting   | 5 6 7 8 |  8.0
Invocations    | 1 2 3 4 5 6 |  6.7
Short Blades   | 1 2 3 4 5 6 |  6.1
Axes           | 1 2 3 4 5 6 |  6.1
Maces & Flails | 1 2 3 4 5 6 |  6.1
Polearms       | 1 2 3 4 5 6 |  6.1
Staves         | 1 2 3 4 5 6 |  6.1
Slings         | 1 2 3 4 5 6 |  6.1
Bows           | 1 2 3 4 5 6 |  6.1
Crossbows      | 1 2 3 4 5 6 |  6.1
Stealth        | 1 2 3 4 5 6 |  6.1
Shields        | 1 2 3 4 5 6 |  6.1
Unarmed Combat | 1 2 3 4 5 6 |  6.1
Evocations     | 1 2 3 4 5 6 |  6.1
Conjurations   | 1 2 3 4 5 |  5.0
Hexes          | 1 2 3 4 5 |  5.0
Charms         | 1 2 3 4 5 |  5.0
Summonings     | 1 2 3 4 5 |  5.0
Necromancy     | 1 2 3 4 5 |  5.0
Transmutations | 1 2 3 4 5 |  5.0
Fire Magic     | 1 2 3 4 5 |  5.0
Ice Magic      | 1 2 3 4 5 |  5.0
Air Magic      | 1 2 3 4 5 |  5.0
Earth Magic    | 1 2 3 4 5 |  5.0
Poison Magic   | 1 2 3 4 5 |  5.0
Throwing       | 3 4 5 6 |  6.7
Armour         | 3 4 5 6 |  6.7
Fighting       | 5 6 7 |  7.7
Long Blades    | 5 6 7 |  7.7
Dodging        | 5 6 7 |  7.7
Translocations | 6 7 |  7.5

Action                   |  1- 3 |  4- 6 |  7- 9 | 10-12 || total
-------------------------+-------+-------+-------+-------++-------
Melee: Falchion          |    58 |       |       |    65 ||   123
       Bite              |    15 |    18 |    53 |    70 ||   156
       Dagger            |    56 |   150 |   335 |   111 ||   652
       Punch             |       |       |     3 |       ||     3
       Spear             |       |       |    65 |   156 ||   221
       Scimitar          |       |       |       |    47 ||    47
Throw: Tomahawk          |       |       |       |     2 ||     2
 Cast: Gell's Gravitas   |       |       |     4 |       ||     4
Invok: Heroism           |       |       |       |     1 ||     1
Evoke: Wand              |       |       |     3 |    15 ||    18
  Use: Scroll            |     7 |     3 |    10 |     4 ||    24
       Potion            |       |       |     1 |     2 ||     3
 Stab: Sleeping          |     2 |     3 |     7 |     6 ||    18
       Distracted        |       |       |     1 |       ||     1
       Paralysed         |       |       |       |     1 ||     1
  Eat: Chunk             |     1 |     5 |     8 |     8 ||    22
       Ration            |       |       |     1 |     1 ||     2
Armor: Leather armour    |    24 |    28 |    76 |    57 ||   185
       Ring mail         |       |       |     4 |    32 ||    36
Dodge: Dodged            |    76 |   110 |   188 |   175 ||   549
Block: Shield            |       |       |    60 |   163 ||   223
       Rpst.: Falchion   |    10 |       |       |    11 ||    21
       Scimitar          |       |       |       |    12 ||    12

Table legend:
 A = Spawn XP
 B = Non-spawn XP
 C = Spawn XP percentage of total XP
 D = Spawn monster count
 E = Non-spawn monster count
 F = Spawn count percentage of total count
 G = Total turns spent on level
                    A         B        C        D         E        F      G
               +---------+---------+-------+---------+---------+-------+---------
         Total |       0 |   12461 |   0.0 |       0 |     211 |   0.0 |  9727
               +---------+---------+-------+---------+---------+-------+---------
           D:1 |       0 |      30 |   0.0 |       0 |      18 |   0.0 |   680
           D:2 |       0 |      57 |   0.0 |       0 |      31 |   0.0 |   768
           D:3 |       0 |     258 |   0.0 |       0 |      32 |   0.0 |   887
           D:4 |       0 |     431 |   0.0 |       0 |      12 |   0.0 |   973
           D:5 |       0 |     312 |   0.0 |       0 |       9 |   0.0 |   599
           D:6 |       0 |    1484 |   0.0 |       0 |      19 |   0.0 |   849
           D:7 |       0 |    1172 |   0.0 |       0 |      33 |   0.0 |  1151
           D:8 |       0 |    3816 |   0.0 |       0 |      17 |   0.0 |  1021
           D:9 |       0 |    1368 |   0.0 |       0 |      23 |   0.0 |  1467
          D:10 |       0 |    3533 |   0.0 |       0 |      17 |   0.0 |  1238
               +---------+---------+-------+---------+---------+-------+---------
